Y'alik, neutral male human Wizard -------------- ##...........<.| ------- # |............| |.....|#############################+............| ----- ##-.....|# # -------------- |...| % ---.---# |....###################### |...| # # |.>..########### # |.[.| # |..%.#0############%#### ----- # ### ##### ------.- |..[!))| |.d.c..|# |...^.@.# -------- Y'alik the Thaumaturge Experience level: 9 Strength: 14 Dexterity: 13 Constitution: 17 Intelligence: 15 Wisdom: 12 Charisma: 10 Health: 0(69) Energy: 15(85) AC: 3 Gold: 592 Moves: 6745 Your Inventory: Coins $ - 592 gold pieces Weapons a - a blessed +1 quarterstaff (weapon in hands) Armor b - an uncursed burnt +0 cloak of magic resistance (being worn) y - an uncursed very burnt +0 pair of water walking boots (being worn) z - a [blessed] burnt +1 pair of leather gloves (being worn) J - a blessed +2 leather armor of speed (being worn) V - an uncursed +0 hard hat [dwarvish iron helm] (being worn) Comestibles P - 2 uncursed tripe rations Z - an [uncursed] food ration Scrolls j - an uncursed scroll of remove curse k - 2 uncursed scrolls of identify o - an [uncursed] scroll labeled ETAOIN SHRDLU [of gold detection] F - an uncursed scroll of enchant weapon N - an uncursed scroll of blank paper O - a blessed scroll of enchant armor Q - an uncursed scroll of magic mapping Y - an [uncursed] scroll labeled THARR [of fire] Spellbooks l - a blessed spellbook of force bolt m - an uncursed spellbook of extra healing r - an uncursed plain spellbook [of blank paper] t - an [uncursed] chartreuse spellbook [of invisibility] M - an uncursed spellbook of sleep S - an uncursed spellbook of magic missile Potions f - an uncursed potion of object detection g - an uncursed potion of sleeping X - an uncursed ochre potion [of full healing] Rings d - an uncursed ring of cold resistance (on right hand) e - an uncursed ring of searching (on left hand) U - an uncursed emerald ring [of regeneration] Wands c - an uncursed wand of secret door detection (0:11) n - an uncursed wand of light (0:10) T - an uncursed wand of fire (0:3) Tools s - an uncursed brass lantern G - a blessed [oil] lamp (0:1035) Spells known in the end: Name Level Category Fail Memory a - force bolt 1 attack 3% [||||||..] b - extra healing 3 healing 97% [||||||..] c - wizard lock 2 matter 23% [|||||||.] d - sleep 1 enchantment 3% [||||||||] e - magic missile 2 attack 0% [||||||||] Your skills at the end: Fighting Skills Weapon Skills quarterstaff [Basic / Expert] Spellcasting Skills attack spells [Basic / Expert] enchantment spells [Basic / Skilled] Final Attributes: You were piously aligned. Hunger level was 202. Your alignment was 42 / 43. Monster difficulty range was 1 - 9. Level difficulty was 9. You were immune to cold. You were magic-protected. You were telepathic. You had automatic searching. You could walk on water. You were very fast. Your luck was zero. You are dead. Vanquished creatures: a wumpus 2 winter wolves 2 small mimics an ettin mummy 2 quantum mechanics a large cat an ochre jelly an elf mummy a human mummy a carnivorous ape a crocodile 3 wolves a panther 3 leprechauns an iron piercer 2 giant spiders a gnome king 2 chickatrices a dog a housecat 2 jaguars a dwarf lord a dust vortex 4 bugbears an imp a water nymph a mountain nymph an Uruk-hai an orc shaman 2 rock piercers a yellow light 7 gnome lords a barrow wight a straw golem a little dog 3 floating eyes a kitten a hill orc a werejackal 2 iguanas 4 killer bees 2 acid blobs 2 coyotes a gas spore a hobbit 3 large kobolds 12 hobgoblins a giant rat a green mold a red mold 13 gnomes 6 garter snakes a gnome zombie a gecko 4 jackals a fox 2 kobolds 4 goblins 4 sewer rats 6 grid bugs 3 bats 3 lichens 5 newts 144 creatures vanquished. Voluntary challenges: You used a wielded weapon 173 times. You read items or engraved 2363 times. You put on armor 15 times. You never genocided any monsters. You never polymorphed an object. You never changed form. You used 1 wish. You did not wish for any artifacts. You wrote Elbereth's name 412 times. You never encountered a bones level. You never used any Sokoban shortcuts. Dungeon overview: The Dungeons of Doom: levels 1 to 9 Level 1 a long staircase Level 2 (Neutral, chaotic alter) some altars Level 3 a general store Level 4 stairs to The Gnomish Mines Level 5 an armor shop Level 6 a fountain Level 7 a sink Level 9 <- You were here The Gnomish Mines: Level 5 stairs to The Dungeons of Doom History has recorded: On T:1 you entered the Dungeons of Doom to retrieve the Amulet of Yendor! On T:417 you reached level 2 of The Dungeons of Doom. On T:581 you advanced to experience level 2. On T:689 you advanced to experience level 3. On T:810 you reached level 3 of The Dungeons of Doom. On T:1137 you advanced to experience level 4. On T:1444 you advanced to experience level 5. On T:2139 you advanced to experience level 6. On T:2173 you reached level 4 of The Dungeons of Doom. On T:2663 you reached level 1 of The Gnomish Mines. On T:2897 you reached level 5 of The Dungeons of Doom. On T:3372 you reached level 6 of The Dungeons of Doom. On T:3481 you advanced to experience level 7. On T:3868 you wished for "blank scroll". On T:3996 you advanced to experience level 8. On T:4047 you reached level 7 of The Dungeons of Doom. On T:4300 you reached level 8 of The Dungeons of Doom. On T:5585 you reached level 9 of The Dungeons of Doom. On T:5616 you advanced to experience level 9. Latest messages: You add "Elbereth" with your fingers to the writing in the dust. (2x) The pyrolisk attacks you with a fiery gaze! [HP-6=32] You add "Elbereth" with your fingers to the writing in the dust. (4x) The pyrolisk turns to flee! [HP+1=33] You add "Elbereth" with your fingers to the writing in the dust. (3x) The pyrolisk attacks you with a fiery gaze! Your gloves smoulder! [HP-8=25] You add "Elbereth" with your fingers to the writing in the dust. (4x) The pyrolisk attacks you with a fiery gaze! [HP-11=14] You add "Elbereth" with your fingers to the writing in the dust. [HP+1=15] You add "Elbereth" with your fingers to the writing in the dust. (2x) The pyrolisk attacks you with a fiery gaze! Your potion of oil boils and explodes! [HP-12=3] You add "Elbereth" with your fingers to the writing in the dust. (4x) The pyrolisk turns to flee! [HP+1=4] You add "Elbereth" with your fingers to the writing in the dust. (3x) The pyrolisk attacks you with a fiery gaze! Your boots smoulder further! You die... Final status: Goodbye Y'alik the Wizard... You died in The Dungeons of Doom on dungeon level 9 with 10261 points, and 592 pieces of gold, after 6745 moves. You were level 9 with a maximum of 69 hit points when you died.